 Dungeon Crawl Stone Soup version 0.20-a0-350-ga83eecc (webtiles) character file.

26936 TheGoonsmith the Grappler (level 13, -17/175 HPs)
             Began as a Troll Monk on Dec 24, 2016.
             Was the Champion of Ru.
             Shot with an arrow by Nessos (19 damage)
             ... on level 5 of the Lair of Beasts.
             The game lasted 00:32:28 (14014 turns).

TheGoonsmith the Grappler (Troll Monk)             Turns: 14014, Time: 00:32:29

Health: -17/175    AC: 26    Str: 22    XL:     13   Next: 1%
Magic:  21/21      EV:  1    Int:  6    God:    Ru [******]
Gold:   793        SH: 12    Dex: 16    Spells: 12/12 levels left

rFire  . . .     SeeInvis .       - Unarmed
rCold  . . .     Gourm    +     (armour currently unavailable)
rNeg   + + +     Faith    .     c - +1 shield
rPois  +         Spirit   .     (helmet currently unavailable)
rElec  .         Reflect  .     (cloak currently unavailable)
rCorr  +         Harm     .     (gloves unavailable)
MR     .....     NoTele   +     (boots unavailable)
Stlth  ..........               (no amulet)
                                o - ring of magical power
                                h - ring of resist corrosion

@: lethally poisoned (-17 -> -18), tree-form
A: unfitting armour, (claws 0), (yellow scales 0), fast metabolism 3, frail 1,
gourmand, regeneration 1, screaming 1, (shaggy fur 0), (tough skin 0), no
stealth, hated by all, no ice magic, no summoning magic, no transmutations
magic, reduced EV 1, disrupted magic 1, inexperienced 1
a: Draw Out Power, Power Leap, Apocalypse, Renounce Religion


You were on level 5 of the Lair of Beasts.
You worshipped Ru.
Ru was exalted by your worship.
You were completely stuffed.
You were a tree.
You visited 3 branches of the dungeon, and saw 17 of its levels.

You collected 1089 gold pieces.
You spent 296 gold pieces at shops.

Inventory:

Missiles
 f - 8 tomahawks (quivered)
 p - 2 tomahawks of returning
 u - 3 throwing nets
Armour
 a - a +0 robe (melded)
 c - a +1 shield (worn)
 K - a +2 cloak (melded)
Jewellery
 h - a ring of resist corrosion (left branch)
 o - a ring of magical power (right branch)
Wands
 w - a wand of acid (0/15)
 F - a wand of polymorph (0/24)
 H - a wand of slowing (18/48)
 I - a wand of digging (5/24)
 L - a wand of random effects (15/48)
 O - a wand of flame (30/48)
 P - a wand of random effects (31/48)
 Q - a wand of enslavement (17/24)
 R - a wand of lightning (0/15)
Scrolls
 l - 4 scrolls of magic mapping
 r - 10 scrolls of identify
 x - 4 scrolls of teleportation
 y - a scroll of fog
 A - 6 scrolls of remove curse
 C - a scroll of recharging
 D - 4 scrolls of amnesia
 E - a scroll of enchant weapon
 M - 2 scrolls of fear
Potions
 d - 3 potions of cancellation
 e - 2 potions of mutation
 j - 5 potions of resistance
 m - 2 potions of brilliance
 q - 5 potions of degeneration
 s - 5 potions of haste
 v - 3 potions of magic
 z - a potion of agility
 B - 4 potions of might
 J - 2 potions of flight
 S - a potion of ambrosia
Books
 i - a Young Poisoner's Handbook

   Spells                             Type                      Level
   a - Sting                          Conjuration/Poison           1
   b - Mephitic Cloud                 Conjuration/Poison/Air       3
   c - Olgreb's Toxic Radiance        Poison                       4
   d - Alistair's Intoxication        Transmutation/Poison         5
   e - Venom Bolt                     Conjuration/Poison           5
 G - a book of Changes

   Spells                             Type                      Level
   a - Beastly Appendage              Transmutation                1
   b - Sticks to Snakes               Transmutation                2
   c - Spider Form                    Transmutation/Poison         3
   d - Ice Form                       Ice/Transmutation            4
   e - Blade Hands                    Transmutation                5
 U - a book of the Tempests

   Spells                             Type                      Level
   a - Static Discharge               Conjuration/Air              3
   b - Lightning Bolt                 Conjuration/Air              5
   c - Fireball                       Conjuration/Fire             5
   d - Tornado                        Air                          9
   e - Shatter                        Earth                        9
Miscellaneous
 T - a lamp of fire (inert)
Comestibles
 b - 17 bread rations
 k - 13 beef jerkies
 n - 2 royal jellies
 t - 10 meat rations


   Skills:
 + Level 9.0 Fighting
 + Level 7.3 Throwing
 + Level 6.1 Dodging
 - Level 9.0 Shields
 * Level 13.3 Unarmed Combat


You had 12 spell levels left.
You didn't know any spells.

Dungeon Overview and Level Annotations

Branches:
Dungeon (11/15)            Temple (1/1) D:4            Lair (5/6) D:8
  Swamp (0/4) Lair:3       Spider (0/4) Lair:3          Orc (0/2) D:10
  Slime: Lair:5-6

Altars:
Ashenzari
Cheibriados
Dithmenos
Elyvilon
Fedhas
Gozag
Hepliaklqana
Kikubaaqudgha
Makhleb
Nemelex Xobeh
Okawaru
Qazlal
Ru
Sif Muna
Trog
Uskayaw
Vehumet
Xom
Yredelemnul
Zin
The Shining One

Shops:
D:7 :   D:9 ?   D:11 *

Annotations:
D:5 1 runed door
Lair:3 exclusion: oklob plant
Lair:5 Nessos


Innate Abilities, Weirdness & Mutations

You are too large for most types of armour.
((You have claws for hands.))
Your metabolism is lightning-fast.
You are frail. (-10% HP)
You like to eat raw meat.
Your natural rate of healing is unusually fast.
((You are covered in fur. (AC +1)))
((You have very tough skin. (AC +2)))
You cannot be stealthy.
You are hated by all.
You cannot study or cast Ice magic.
You cannot study or cast Summoning magic.
You cannot study or cast Transmutations magic.
You have somewhat slow reflexes. (EV -3)
Your casting is slightly disrupted.
You are somewhat inexperienced. (-2 XL)
((You are partially covered in yellow scales. (AC +2)))
You occasionally shout uncontrollably at your foes.


Message History

Press: ? - help, Shift-Dir - straight line, f/p - Nessos
Aim: Nessos, wielding a longbow of flaming and wearing a glowing centaur barding (heavily wounded, fast)
The bolt of acid hits Nessos.
Nessos is splashed with acid.
Nessos is severely wounded.
This wand has 0 charges left.
* * * LOW HITPOINT WARNING * * *
You feel sick.
Nessos shoots an arrow.
You block the arrow.
Nessos shoots an arrow.
The arrow hits you but does no damage.
Okay, then.
Okay, then.
Evoke which item? (* to show all) (? for menu, Esc to quit)
Zapping:
L - a wand of random effects (?/48) (will waste charges)
Press: ? - help, Shift-Dir - straight line, f/p - Nessos
Aim: Nessos, wielding a longbow of flaming and wearing a glowing centaur barding (severely wounded, fast) Nessos resists with some effort.
Evoking this partially-identified wand wasted a few charges.
You feel sick.
Nessos begins to cast a spell, but is stunned by your will!
Nessos shoots an arrow.
The arrow hits you!!
You die...

. P... .###P..#.
!.........#
#.#.P..##.#P.## .
#..........P..##P. ###
#..............#..
..#...#.................
.......♣................
......................#.
.......#...........§§#..
................P.§§§#.P
.................§§§§.#.
.................§§§§###
...........c....§§§§P##.
................§§§c§...
...............§......


You could see Nessos.

Vanquished Creatures
  2 hydras
  3 two-headed ogres
  Sonja (Lair:1)
  The ghost of hoot the Cleaver, a novice VSFi of Okawaru (D:8)
  3 elephants (Lair:3)
  A torpor snail (Lair:3)
  6 spiny frogs
  2 rime drakes
  2 komodo dragons (Lair:3)
  A polar bear (Lair:4)
  A hornet (D:10)
  9 hippogriffs
  Grinder (D:5)
  13 blink frogs
  A vampire (D:10)
  A tarantella (Lair:3)
  26 yaks
  A wraith (D:10)
  3 basilisks
  2 hungry ghosts
  Duvessa (D:6)
  7 water moccasins
  9 porcupines
  Purgy (D:3)
  The ghost of TheGoonsmith the Chiller, an amateur VSIE (D:3)
  3 orc warriors
  2 sky beasts
  2 ice beasts
  A black bear (Lair:4)
  3 phantoms
  9 ogres
  11 centaurs
  12 wolves
  12 crocodiles
  A big kobold (D:8)
  12 bullfrogs
  Dowan (D:6)
  A gnoll sergeant (D:7)
  3 scorpions (D:6)
  4 killer bees
  A troll zombie (D:10)
  3 wights
  2 howler monkeys
  6 crimson imps
  A quasit (D:7)
  Crazy Yiuf (D:7)
  3 hounds
  A jelly (D:5)
  3 bullfrog zombies
  A gnoll shaman (D:6)
  A bullfrog skeleton (D:11)
  6 orc priests
  2 centaur skeletons
  Natasha (thrice) (D:3)
  5 iguanas
  11 orc wizards
  7 worker ants
  Terence (D:2)
  7 ogre zombies (D:10)
  Robin (D:3)
  10 adders
  17 gnolls
  2 shadow imps
  An ooze (D:5)
  2 adder skeletons
  2 worms
  2 dart slugs
  10 leopard geckos
  32 orcs
  2 ball pythons
  4 giant cockroaches
  12 goblins
  10 hobgoblins
  13 jackals
  11 kobolds
  2 quokkas
  5 bats
  3 frilled lizards
  3 goblin skeletons (D:10)
  3 goblin zombies (D:10)
  5 hobgoblin zombies (D:10)
  A jackal skeleton (D:8)
  3 orc skeletons (D:10)
  11 orc zombies (D:10)
  2 quokka skeletons
  3 rats
  2 fungi
415 creatures vanquished.

Vanquished Creatures (others)
  An iguana (D:6)
  A worker ant (D:4)
  A shadow imp (D:5)
  A jackal (D:3)
  3 plants (Lair:3)
7 creatures vanquished.

Grand Total: 422 creatures vanquished

Notes
Turn   | Place    | Note
-------+----------+-------------------------------------------
     0 | D:1      | TheGoonsmith the Troll Monk began the quest for the Orb.
     0 | D:1      | Reached XP level 1. HP: 22/22 MP: 0/0
   105 | D:1      | Reached XP level 2. HP: 29/29 MP: 1/1
   637 | D:2      | Reached skill level 1 in Shields
   637 | D:2      | Reached XP level 3. HP: 22/36 MP: 2/2
   759 | D:2      | Noticed Terence
   767 | D:2      | Killed Terence
   854 | D:2      | Reached XP level 4. HP: 41/44 MP: 3/3
   873 | D:2      | Found a white marble altar of Elyvilon.
   918 | D:2      | Found a sacrificial altar of Ru.
   950 | D:2      | Became a worshipper of Ru the Awakened
   957 | D:2      | Gained mutation: You cannot study or cast Ice magic. [Ru sacrifice]
   957 | D:2      | Gained mutation: You cannot study or cast Transmutations magic. [Ru sacrifice]
   957 | D:2      | Gained mutation: You cannot study or cast Summoning magic. [Ru sacrifice]
   957 | D:2      | Reached * piety under Ru
  1122 | D:3      | Noticed TheGoonsmith's ghost (amateur VSIE)
  1215 | D:3      | Killed TheGoonsmith's ghost
  1215 | D:3      | Reached skill level 4 in Unarmed Combat
  1215 | D:3      | Reached XP level 5. HP: 43/53 MP: 4/4
  1302 | D:3      | Noticed Natasha
  1313 | D:3      | Killed Natasha
  1317 | D:3      | Noticed Purgy
  1333 | D:3      | Killed Purgy
  1333 | D:3      | Reached XP level 6. HP: 20/61 MP: 5/5
  1447 | D:3      | Reached skill level 5 in Unarmed Combat
  1524 | D:3      | Noticed Robin
  1555 | D:3      | Killed Robin
  2225 | D:3      | Noticed Natasha
  2239 | D:3      | Killed Natasha
  2428 | D:3      | Noticed Natasha
  2435 | D:3      | Killed Natasha
  2506 | D:4      | Found a snail-covered altar of Cheibriados.
  2573 | D:4      | Reached XP level 7. HP: 47/67 MP: 6/6
  2689 | D:4      | Gained mutation: You are somewhat inexperienced. (-2 XL) [Ru sacrifice]
  2689 | D:4      | Reached XP level 6. HP: 62/62 MP: 5/5
  2689 | D:4      | Reached XP level 5. HP: 54/54 MP: 4/4
  2689 | D:4      | Reached ** piety under Ru
  2819 | D:4      | Found a staircase to the Ecumenical Temple.
  2890 | Temple   | Entered the Ecumenical Temple
  3157 | D:4      | Reached skill level 6 in Unarmed Combat
  3157 | D:4      | Reached XP level 6. HP: 62/62 MP: 5/5
  3484 | D:4      | Found a shadowy altar of Dithmenos.
  3495 | D:4      | Found a burning altar of Makhleb.
  3542 | D:5      | Entered Level 5 of the Dungeon
  3680 | D:5      | Gained mutation: You are partially covered in yellow scales. (AC +2) [potion of mutation]
  3680 | D:5      | Gained mutation: You are robust. (+10% HP) [potion of mutation]
  3680 | D:5      | Gained mutation: You occasionally shout uncontrollably at your foes. [potion of mutation]
  3684 | D:5      | Found a white marble altar of Elyvilon.
  3684 | D:5      | Noticed an angel
  3685 | D:5      | Found a runed door.
  3828 | D:5      | Noticed Grinder
  3830 | D:5      | Paralysed by Grinder for 6 turns
  3844 | D:5      | Killed Grinder
  3844 | D:5      | Reached XP level 7. HP: 73/77 MP: 6/6
  4142 | D:5      | Reached skill level 5 in Shields
  4142 | D:5      | Reached skill level 7 in Unarmed Combat
  4325 | D:6      | Noticed Duvessa
  4325 | D:6      | Noticed Dowan
  4392 | D:6      | Reached XP level 8. HP: 79/86 MP: 7/7
  4412 | D:6      | Gained mutation: You cannot be stealthy. [Ru sacrifice]
  4412 | D:6      | Reached *** piety under Ru
  4413 | D:6      | Found a radiant altar of Vehumet.
  4811 | D:6      | Reached skill level 8 in Unarmed Combat
  4814 | D:6      | Found an iron altar of Okawaru.
  4990 | D:6      | Killed Duvessa
  5001 | D:6      | Killed Dowan
  5001 | D:6      | Reached skill level 5 in Fighting
  5322 | D:7      | Reached XP level 9. HP: 84/96 MP: 8/8
  5704 | D:7      | Found a runed door.
  5822 | D:7      | Found Taqipp's Book Boutique.
  5901 | D:7      | Reached skill level 9 in Unarmed Combat
  5971 | D:7      | Noticed Crazy Yiuf
  5974 | D:7      | Killed Crazy Yiuf
  6176 | D:8      | Found a basalt altar of Yredelemnul.
  6206 | D:8      | Gained mutation: Your casting is slightly disrupted. [Ru sacrifice]
  6399 | D:8      | Noticed hoot's ghost (novice VSFi)
  6418 | D:8      | Killed hoot's ghost
  6489 | D:8      | Found a staircase to the Lair.
  7173 | D:9      | Reached XP level 10. HP: 104/107 MP: 9/9
  7218 | D:9      | Reached skill level 10 in Unarmed Combat
  7485 | D:9      | Found Ketuclamm's Magic Scroll Shop.
  7502 | D:9      | Bought a scroll of identify for 34 gold pieces
  7502 | D:9      | Bought a scroll of identify for 34 gold pieces
  7502 | D:9      | Bought a scroll of teleportation for 51 gold pieces
  7502 | D:9      | Bought a scroll of fear for 59 gold pieces
  7819 | D:9      | Noticed a two-headed ogre
  7824 | D:9      | Killed a two-headed ogre
  7888 | D:10     | Entered Level 10 of the Dungeon
  8051 | D:10     | Reached skill level 11 in Unarmed Combat
  8091 | D:10     | Lost mutation: You are robust. (+10% HP) [Ru sacrifice]
  8091 | D:10     | Gained mutation: You are frail. (-10% HP) [Ru sacrifice]
  8091 | D:10     | Reached **** piety under Ru
  8091 | D:10     | Reached ***** piety under Ru
  8107 | D:10     | Found a staircase to the Orcish Mines.
  8603 | D:10     | Reached XP level 11. HP: 78/96 MP: 10/10
  9003 | D:11     | Found Ohej's Assorted Antiques.
  9013 | D:11     | Bought a scroll labeled LYIG WAIMUM for 20 gold pieces
  9013 | D:11     | Bought a blue potion for 18 gold pieces
  9013 | D:11     | Bought a scroll of identify for 40 gold pieces
  9013 | D:11     | Bought a scroll of identify for 40 gold pieces
  9058 | D:11     | Noticed a two-headed ogre
  9069 | D:11     | Killed a two-headed ogre
  9388 | D:11     | Noticed a two-headed ogre
  9395 | D:11     | Killed a two-headed ogre
  9637 | D:11     | Reached skill level 12 in Unarmed Combat
  9974 | Lair:1   | Entered Level 1 of the Lair of Beasts
 10014 | Lair:1   | Reached skill level 1 in Throwing
 10055 | Lair:1   | Noticed Sonja
 10069 | Lair:1   | Killed Sonja
 10414 | Lair:1   | Gained mutation: You are hated by all. [Ru sacrifice]
 11245 | Lair:2   | Reached skill level 5 in Throwing
 11450 | Lair:2   | Reached XP level 12. HP: 97/107 MP: 11/11
 11605 | Lair:2   | Noticed a four-headed hydra
 11609 | Lair:2   | Killed a four-headed hydra
 12002 | Lair:3   | Gained mutation: You have somewhat slow reflexes. (EV -3) [Ru sacrifice]
 12002 | Lair:3   | Reached ****** piety under Ru
 12010 | Lair:3   | Reached skill level 5 in Dodging
 12241 | Lair:3   | Found a hole to the Spider Nest.
 12305 | Lair:3   | Found a runed door.
 12810 | Lair:3   | Found a staircase to the Swamp.
 13143 | Lair:3   | Noticed a seven-headed hydra
 13151 | Lair:3   | Killed an eight-headed hydra
 13367 | Lair:4   | Reached skill level 13 in Unarmed Combat
 13887 | Lair:4   | Reached XP level 13. HP: 116/117 MP: 12/12
 13893 | Lair:5   | Found a shadowy altar of Dithmenos.
 13985 | Lair:5   | Noticed Nessos
 14007 | Lair:5   | HP: 4/117 [poisoned by Nessos]
 14012 | Lair:5   | HP: 3/175 [poisoned by Nessos]
 14014 | Lair:5   | Shot with an arrow by Nessos

Vault maps used:
D:1:      dpeg_arrival_refuge, minmay_gold_behind_fungi
D:2:      nicolae_ru_awakened_eye, lemuel_round_altar, uniq_terence
D:3:      corexii_shack_village, first_bread, uniq_purgy, uniq_robin,
          uniq_natasha
D:4:      cheibriados_altar_1, amethyst_overflow_temple_binary,
          minmay_parallelograms, corexii_corridor_pit
D:5:      lemuel_angel_altar, uniq_grinder
D:6:      kennysheep_mini, fiery_altar_vehumet, grunt_ministairs_1, uniq_duvessa
D:7:      serial_shops, shop, uniq_crazy_yiuf_cottage
D:8:      yredelemnul_altar_generic, lair_entry_dummy, grunt_ogre_cave
D:9:      serial_shops, shop
D:10:     zombieorc2_lemuel
D:11:     serial_shops, nicolae_shop_stone
Temple:   nicolae_temple_figure_eight
Lair:1:   uniq_sonja
Lair:3:   swamp_mist, spider_nest_entry_rubble, pf_torpor_hydra,
          minmay_lair_oklob_chamber, grunt_megastairs_2
Lair:4:   forest_entry_grove
Lair:5:   minmay_guarded_unrand_snakebite, basic_altar, uniq_nessos

Skill      XL: |  1  2  3  4  5  6  7  8  9 10 11 12 |
---------------+-------------------------------------+-----
Shields        | 1 2 4 5 6 7 9 |  9.0
Fighting       | 3 4 5 6 8 9 |  9.0
Unarmed Combat | 4 6 5 7 8 9 11 12 13 | 13.3
Stealth        | 0 |  0.0
Throwing       | 5 7 |  7.3
Dodging        | 4 6 |  6.1

Action                   |  1- 3 |  4- 6 |  7- 9 | 10-12 | 13-15 || total
-------------------------+-------+-------+-------+-------+-------++-------
Melee: Unarmed           |    95 |   248 |   382 |   805 |     7 ||  1537
Invok: Sacrifice Arcana  |       |     1 |       |       |       ||     1
       Sacrifice Experie |       |     1 |       |       |       ||     1
       Sacrifice Stealth |       |       |     1 |       |       ||     1
       Sacrifice Essence |       |       |     1 |       |       ||     1
       Sacrifice Health  |       |       |       |     2 |       ||     2
       Draw Out Power    |       |       |       |     2 |       ||     2
       Sacrifice Love    |       |       |       |     1 |       ||     1
       Power Leap        |       |       |       |     1 |       ||     1
Evoke: Wand              |       |       |       |     9 |     6 ||    15
       Lamp of fire      |       |       |       |       |     1 ||     1
  Use: Scroll            |       |     9 |     8 |    11 |     3 ||    31
       Potion            |       |     4 |     1 |     2 |     2 ||     9
 Stab: Sleeping          |     1 |     7 |     1 |       |       ||     9
       Distracted        |       |     2 |     1 |     4 |       ||     7
       Invisible         |       |       |     1 |     9 |       ||    10
       Paralysed         |       |       |       |     5 |       ||     5
  Eat: Chunk             |    12 |    26 |    37 |    67 |     1 ||   143
Armor: Robe              |    25 |    63 |    66 |   155 |     2 ||   311
       Skin              |       |       |       |       |     2 ||     2
Dodge: Dodged            |    30 |    77 |    91 |   224 |     3 ||   425
Block: Shield            |    37 |   100 |   176 |   347 |    11 ||   671
